montu, chaotic male human Wizard #------ --------------- # .....| |..............#################### # ## |....| ------ |.....<.......|) -----.------- [ |....| |....| --------|------# |*....d....@| |^...|# ####-....| ##### #####) |.d...*..udi.# |..... |....| # #....-----...|# ##.....| |....| ## ###|...|.{.|...|# # -|-..- #-....| # # |..*.{.{|*..|##### ### ###------ -------.- ### |...|.{.....| # # # |.......| # |....---....|##### ### ### |.).....-###### |.....*.....|# # # # |>......| |........a.*.# ### ## ### |.....%..## .------------ --.--# |...^...|# *# |.^.|# --------. * |....# ##*# ## * |...| #* # ### ----- montu the Thaumaturge Experience level: 6 Strength: 9 Dexterity: 17 Constitution: 16 Intelligence: 18 Wisdom: 8 Charisma: 8 Health: 0(64) Energy: 13(28) Def: 4 Gold: 0 Moves: 4083 Dungeon seed: QnQvT37YfD4L72ut Game ID: montu_1705264715 Your Inventory: Armor e - an uncursed +0 cloak of magic resistance (being worn) y - an uncursed +0 studded leather armor (being worn) Spells and supernatural/magical abilities: Name Level Category Cost Memory a - force bolt 1 attack 6pw 94% k - knock 1 matter 12pw 94% m - magic missile 2 attack 12pw 94% s - slow monster 2 enchantment 16pw 98% u - confuse monster 2 enchantment 16pw 94% K - cure sickness 3 healing 37pw 98% W - pray for help -- divine ? -- Your skills at the end: Fighting Skills wands [Basic] Weapon Skills quarterstaff [Basic] Spellcasting Skills attack spells [Skilled] enchantment spells [Basic] Final Attributes: You had sinned. You were magic resistant. You were telepathic. You were fast. You last prayed 274 turns ago. Anhur was noncommittal. You are dead. Vanquished creatures: a quantum mechanic an iron piercer a gnome king a blue jelly a fire ant a mountain nymph an orc shaman a rock mole 2 shriekers a violet fungus a gnome lord a red naga hatchling a gray ooze a ghoul 2 giant ants 4 floating eyes a kitten a dwarf a kobold lord 3 iguanas 2 coyotes 2 gas spores a hobgoblin 4 giant rats 3 jackals 2 foxes a kobold 2 goblins 3 sewer rats 2 grid bugs 4 lichens a kobold zombie 3 newts 57 creatures vanquished. Voluntary challenges: You had been an atheist until turn 3806. You used a wielded weapon 72 times, starting on turn 413. You read items or engraved 40 times, starting on turn 1516. You never genocided any monsters. You never polymorphed an object. You never changed form. You used no wishes. You never split a pudding. You wrote Elbereth's name 27 times, starting on turn 1516. You violated your moral code, losing 64 points of alignment, starting on turn 3204. Dungeon overview: The Dungeons of Doom: levels 1 to 8 Level 1 a sink a long staircase Level 2 a potion shop, some fountains, a vault Level 3 a general store Level 4 a jewelry store, a fountain a long staircase Level 5 a vault Level 6 some fountains Level 7 a sink, a vault Level 8 <- You were here many fountains History has recorded: On T:1 you entered the Dungeons of Doom to retrieve the Amulet of Yendor! On T:432 you reached level 2 of The Dungeons of Doom. On T:727 you advanced to experience level 2. On T:791 you reached level 3 of The Dungeons of Doom. On T:1090 you reached level 4 of The Dungeons of Doom. On T:1092 you advanced to experience level 3. On T:1331 you reached level 5 of The Dungeons of Doom. On T:1911 you advanced to experience level 4. On T:2103 you reached level 6 of The Dungeons of Doom. On T:2198 you reached level 7 of The Dungeons of Doom. On T:2793 you advanced to experience level 5. On T:3287 you advanced to experience level 6. Score breakdown: Gold: 0 ( 0 points) Experience: 6 levels (12456 points) Exploration: 8 levels ( 16.67%) (11577 points) Discoveries: 5 items ( 1.68%) ( 3885 points) Valuables value: (no points given unless you survive) Artifact value: 0 ( 0 points) Variety of kills: 33 monsters ( 8.68%) ( 8840 points) Turncount: 4083 turns (-1055 points) Survival: died (score multiplied by 80%) Total score: 28562 Latest messages: You don't have enough energy to cast that spell. You stop searching. [2 turns] You stop searching. You write in the dust with your fingers. The winter wolf cub turns to flee! (2x) You stop searching. [4 turns] You stop searching. The winter wolf cub bites! You stop searching. You begin bashing monsters with your bare hands. You miss the winter wolf cub. The winter wolf cub bites! The tengu bites! You miss the winter wolf cub. The winter wolf cub bites! The tengu bites! You hit the winter wolf cub. The winter wolf cub bites! The tengu bites! You die... For some reason, you think that you can almost hear the Wizard laugh manically... Final status: Goodbye montu the Wizard, killed by a tengu... You died in The Dungeons of Doom on dungeon level 8 with 28562 points, and 0 pieces of gold, after 4083 moves. You were level 6 with a maximum of 64 hit points when you died.